 Dungeon Crawl Stone Soup version 0.16.1-17-g773cdaf (webtiles) character file.

30 tesudzi the Conjurer (level 3, -1/19 HPs)
             Began as a Tengu Conjurer on Apr 21, 2015.
             Slain by a giant cockroach (2 damage)
             ... on level 1 of the Dungeon.
             The game lasted 00:04:15 (1463 turns).

tesudzi the Conjurer (Tengu Conjurer)               Turns: 1463, Time: 00:04:15

Health: -1/19      AC:  3    Str: 12    XL:     3   Next: 20%
Magic:  5/7        EV: 12    Int: 15    God:
Gold:   46         SH:  0    Dex: 15    Spells: 2 memorised, 3 levels left

rFire  . . .     SeeInvis .     h - +0 mace
rCold  . . .     Clarity  .     i - +0 leather armour
rNeg   . . .     SustAb   .     (no shield)
rPois  .         Gourm    .     (helmet restricted)
rElec  .         Spirit   .     (no cloak)
rCorr  .         Warding  .     (no gloves)
rMut   .         Stasis   .     (boots unavailable)
MR     .....                    (no amulet)
Stlth  ++........               (no ring)
                                e - +4 ring of strength

@: very slightly contaminated, not resistant to hostile enchantments, unstealthy
A: beak, talons 3
a: no special abilities


You were on level 1 of the Dungeon.
You were not hungry.

You visited 1 branch of the dungeon, and saw 2 of its levels.

You collected 46 gold pieces.

Inventory:

Hand weapons
 h - a +0 mace (weapon)
Armour
 a - a +0 robe
 i - a +0 leather armour (worn)
Jewellery
 e - a +4 ring of strength (left hand)
Scrolls
 g - a scroll of noise {unknown}
 j - a scroll of remove curse {unknown}
 k - a scroll of magic mapping {unknown}
 l - 2 scrolls of teleportation {unknown}
 m - a scroll of enchant weapon {unknown}
Books
 c - a book of Conjurations

   Spells                             Type                      Level
   a - Magic Dart                     Conjuration                  1
   b - Searing Ray                    Conjuration                  2
   c - Dazzling Spray                 Conjuration/Hexes            3
   d - Fulminant Prism                Conjuration/Hexes            4
   e - Iskenderun's Mystic Blast      Conjuration                  4
   f - Iskenderun's Battlesphere      Conjuration/Charms           5
Comestibles
 b - 2 bread rations
 d - a slice of pizza
 f - a beef jerky


   Skills:
 - Level 2.1 Dodging
 - Level 2.0 Stealth
 - Level 2.0 Spellcasting
 + Level 6.6 Conjurations


You had 3 spell levels left.
You knew the following spells:

 Your Spells              Type           Power        Failure   Level  Hunger
a - Magic Dart            Conj           ###.         1%          1    #......
b - Searing Ray           Conj           ###...       2%          2    ###....


Dungeon Overview and Level Annotations

Branches:
Dungeon (2/15)

Altars:

Annotations:
D:1 Robin


Innate Abilities, Weirdness & Mutations

You have a beak for a mouth.
You have claws for feet.


Message History

Okay, then.
Casting: Magic Dart
Confirm with . or Enter, or press ? or * to list all spells.
You don't know that spell.
Unknown command.
Robin points. "Kill!"
Robin laughs in a distinctly smug fashion.
Robin says, "Bow before me, strongest of all the hobgoblins!"
A giant cockroach comes into view.
Casting: Magic Dart
Confirm with . or Enter, or press ? or * to list all spells.
Aiming: Searing Ray
Press: ? - help, Shift-Dir - straight line, f - Robin
Aim: Robin, wielding a spear, wearing a glowing animal skin and wearing a helmet You miscast Searing Ray.
You are very lightly contaminated with residual magic.
Your skin glows momentarily.
Robin hits you from afar with a spear.
* * * LOW HITPOINT WARNING * * *
The giant cockroach bites you.
You die...

#)....######...........
#.♣.♣.♣.♣..............
#.#.....####...........
#.♣.♣.♣.♣ #...........
#.......# #...........
##♣.♣g♣.♣ #...........
#.....# ############
♣#♣.♣.♣ ###
#..@.######.# ###
#.s.....#...# #.##
#.......#.#.# #..#
#.......#.########..
##......#......# ###
#......#####.#### #
#......# #....###
#......# ##..#..#
#......# ##....#


You could see Robin and a giant cockroach.

Vanquished Creatures
  A giant gecko (D:1)
  2 bats (D:1)
  9 goblins
  5 hobgoblins
  2 jackals (D:1)
  A ball python (D:1)
  A giant cockroach (D:1)
  2 kobolds (D:1)
  3 rats (D:1)
26 creatures vanquished.

Notes
Turn   | Place    | Note
--------------------------------------------------------------
     0 | D:1      | tesudzi, the Tengu Conjurer, began the quest for the Orb.
     0 | D:1      | Reached XP level 1. HP: 10/10 MP: 3/3
   280 | D:1      | Reached XP level 2. HP: 15/15 MP: 3/5
   368 | D:1      | Reached skill level 6 in Conjurations
   997 | D:2      | Noticed Robin
   998 | D:2      | Reached XP level 3. HP: 11/19 MP: 5/7
  1377 | D:1      | Learned a level 2 spell: Searing Ray
  1463 | D:1      | Slain by a giant cockroach

Action                   || total
-------------------------++-------
Melee: Mace              ||    20
 Cast: Magic Dart        ||    37
 Stab: Sleeping          ||     1
  Eat: Chunk             ||     2
